 Dungeon Crawl Stone Soup version 0.28.0-43-g3370ac3207 (webtiles) character file.

Game seed: 9982127702576999622

619 sanboga the Covered (level 7, 0/44 HPs)
             Began as a Gargoyle Fighter on Mar 20, 2022.
             Slain by an ogre
             ... wielding a +0 giant club
              (23 damage)
             ... on level 5 of the Dungeon on Mar 21, 2022.
             The game lasted 00:04:34 (5153 turns).

sanboga the Covered (Gargoyle Fighter)              Turns: 5153, Time: 00:04:35

Health: 0/44       AC: 15    Str: 21    XL:     7   Next: 46%
Magic:  7/7        EV:  9    Int:  9    God:
Gold:   228        SH:  4    Dex:  9    Spells: 6/6 levels left

rFire   . . .      SeeInvis .   a - +0 war axe
rCold   . . .      Faith    .   c - +0 buckler
rNeg    + . .      Spirit   .   b - +0 scale mail
rPois   ∞          Reflect  .   (no helmet)
rElec   +          Harm     .   l - +0 cloak
rCorr   .          Rampage  .   m - +0 pair of gloves
Will    .....                   k - +0 pair of boots
Stlth   ..........              (no amulet)
HPRegen 0.14/turn               (no ring)
MPRegen 0.10/turn               (no ring)

@: no status effects
A: sickness immunity, AC +4, negative energy resistance 1, electricity
resistance, torment resistance 1, petrification resistance
a: no special abilities


You were on level 5 of the Dungeon.
You visited 1 branch of the dungeon, and saw 5 of its levels.

You collected 228 gold pieces.

Inventory:

Hand Weapons
 a - a +0 war axe (weapon)
Armour
 b - a +0 scale mail (worn)
 c - a +0 buckler (worn)
 k - a +0 pair of boots (worn)
 l - a +0 cloak (worn)
 m - a +0 pair of gloves (worn)
Jewellery
 p - a +6 ring of strength
Wands
 t - a wand of iceblast (7)
Scrolls
 d - a scroll of acquirement {unknown}
 e - 6 scrolls of identify {unknown}
 g - a scroll of silence {unknown}
 j - 2 scrolls of fear {unknown}
 o - a scroll of magic mapping {unknown}
 q - a scroll of amnesia {unknown}
 r - a scroll of torment {unknown}
 s - a scroll of blinking {unknown}
 u - a scroll of brand weapon {unknown}
 v - a scroll of teleportation {unknown}
Potions
 f - 2 potions of haste
 h - a potion of curing {unknown}
 i - a potion of berserk rage {unknown}
 n - 2 potions of lignification {unknown}


   Skills:
 + Level 5.0 Fighting
 * Level 4.8 Axes
 + Level 5.0 Armour
 + Level 5.0 Shields


You had 6 spell levels left.
You didn't know any spells.
Your spell library contained the following spells:

 Spells                   Type           Power      Damage    Failure   Level
 Shock                    Conj/Air       0%         1d3       80%         1
 Blink                    Tloc           0%         N/A       90%         2
 Swiftness                Air            0%         N/A       99%         3
 Airstrike                Air            0%         N/A       100%        4
 Manifold Assault         Tloc           0%         N/A       100%        5
 Storm Form               Tmut/Air       0%         N/A       100%        7


Dungeon Overview and Level Annotations

Branches:
Dungeon (5/15)
 Temple: D:4-7

Altars:


Innate Abilities, Weirdness & Mutations

You are immune to sickness and miasma.
Your stone body is resilient. (AC +4)
You are immune to poison.
You resist negative energy. (rN+)
You are resistant to electric shocks. (rElec)
You are resistant to unholy torment.
You are immune to petrification.


Message History

The centaur skeleton is heavily damaged.
You block the centaur skeleton's attack.
The centaur skeleton kicks you but does no damage.
You slash the centaur skeleton!
The centaur skeleton is almost destroyed.
The centaur skeleton hits you.
The centaur skeleton kicks you but does no damage.
The centaur skeleton hits you.
You block the centaur skeleton's attack.
You hit the centaur skeleton.
The centaur skeleton is almost destroyed.
The centaur skeleton hits you but does no damage.
The centaur skeleton kicks you but does no damage.
The centaur skeleton hits you but does no damage.
The centaur skeleton barely misses you.
You slash the centaur skeleton!
You destroy the centaur skeleton!
Your Fighting skill increases to level 5!
No target in view!
No target in view!
No target in view!
No target in view!
An ogre comes into view. It is wielding a +0 giant club.
An ogre is nearby!
An ogre is nearby!
The ogre shouts!
Things that are here:
a jackal corpse; a jackal corpse You block the ogre's attack.
You slash the ogre!
The ogre is moderately wounded.
The ogre hits you with a +0 giant club!!
You barely miss the ogre.
The ogre is moderately wounded.
The ogre hits you but does no damage.
You hit the ogre but do no damage.
The ogre is moderately wounded.
The ogre hits you with a +0 giant club!!
Ouch! That really hurt!
You die...

#. #.# # #..###.
##...#.. ......# #
....####...
#O........ #@.#
..# # ##†# #.# ..
#.###.###...
#..###..##.......
#......#........
####......##
##.##...# ..
##.###..####...
.####..###.......#


You could see an ogre.

Vanquished Creatures
  An ogre (D:2)
  An ice beast (D:5)
  An orc priest (D:3)
  A jelly (D:5)
  Crazy Yiuf (D:2)
  A centaur skeleton (D:5)
  A hound (D:4)
  2 iguanas (D:5)
  Natasha (thrice) (D:2)
  An orc wizard (D:3)
  A gnoll (D:2)
  4 adders
  4 worms (D:2)
  A dart slug (D:4)
  14 orcs
  5 bats
  8 endoplasms
  2 giant cockroaches
  9 goblins
  5 hobgoblins
  2 jackals (D:5)
  2 quokkas
  9 ball pythons
  4 frilled lizards
  5 kobolds
  7 rats
95 creatures vanquished.

Vanquished Creatures (others)
  24 plants (D:4)
24 creatures vanquished.

Grand Total: 119 creatures vanquished

Notes
Turn   | Place    | Note
-------+----------+-------------------------------------------
     0 | D:1      | sanboga the Gargoyle Fighter began the quest for the Orb.
     0 | D:1      | Reached XP level 1. HP: 14/14 MP: 1/1
   309 | D:1      | Reached XP level 2. HP: 17/19 MP: 2/2
   850 | D:2      | Noticed Natasha
   850 | D:2      | Found a faded altar of an unknown god.
   857 | D:2      | Killed Natasha
   858 | D:2      | Reached XP level 3. HP: 9/24 MP: 3/3
  1357 | D:2      | Noticed Natasha
  1362 | D:2      | Killed Natasha
  1363 | D:2      | Reached XP level 4. HP: 22/29 MP: 4/4
  1384 | D:2      | Noticed Natasha
  1389 | D:2      | Killed Natasha
  1744 | D:2      | Found a runed translucent door.
  1745 | D:2      | Noticed Crazy Yiuf
  1753 | D:2      | Killed Crazy Yiuf
  1754 | D:2      | Reached XP level 5. HP: 5/33 MP: 5/5
  2245 | D:2      | Noticed an ogre
  2252 | D:2      | Killed an ogre
  2253 | D:2      | Reached XP level 6. HP: 39/39 MP: 6/6
  3167 | D:3      | Identified the +1 ring mail "Xuren" {rF+ Will+}
  4349 | D:5      | Entered Level 5 of the Dungeon
  4421 | D:5      | Reached XP level 7. HP: 34/44 MP: 7/7
  4872 | D:5      | Reached skill level 5 in Armour
  4972 | D:5      | Reached skill level 5 in Shields
  5146 | D:5      | Reached skill level 5 in Fighting
  5153 | D:5      | Slain by an ogre

Illustrated notes

Levels and vault maps discovered:
D:1:      saegor_arrival_simple_a, layout_rooms, minmay_misc_feat_ornament,
          minmay_pentomino_u2
D:2:      layout_basic, nicolae_ecumenical_pavilion, minmay_quantized,
          uniq_crazy_yiuf_cottage, uniq_natasha
D:3:      layout_loops_corners, hangedman_feature_mirror
D:4:      layout_loops_corners, serial_bayou_lagoon_a
D:5:      minmay_bubble_buster, layout_layer_cave

Skill      XL: |  1  2  3  4  5  6  7 |
---------------+----------------------+-----
Axes           | 2 3 4 |  4.8
Fighting       | 4 5 |  5.0
Armour         | 4 5 |  5.0
Shields        | 4 5 |  5.0

Action                   |  1- 3 |  4- 6 |  7- 9 || total
-------------------------+-------+-------+-------++-------
Melee: War axe           |    64 |   191 |    59 ||   314
  Use: Potion            |       |     2 |       ||     2
Armor: Scale mail        |    22 |   109 |    52 ||   183
Dodge: Dodged            |    33 |    72 |    13 ||   118
Block: Buckler           |     7 |    47 |    19 ||    73
